[Event "Super United Croatia GCT Rapid 2022"]
[Site "Zagreb"]
[Date "2022.07.21"]
[Round "4.4"]
[White "Topalov, Veselin"]
[Black "Mamedyarov, Shakhriyar"]
[Result "1/2-1/2"]
[ECO "D70"]
[WhiteElo "2728"]
[BlackElo "2759"]
[Annotator "TA"]
[PlyCount "93"]
[EventDate "2022.07.20"]
[EventType "tourn"]
[EventCountry "CRO"]
[SourceTitle "playchess.com"]
[Source "ChessBase"]
[SourceQuality "1"]
[TimeControl "1500+10"]

1. d4 Nf6 2. c4 g6 3. f3 d5 4. cxd5 Nxd5 5. e4 Nb6 6. Nc3 Bg7 7. Be3 O-O 8. Qd2 Nc6 9. O-O-O e5 10. d5 Nd4 11. f4 c5 {[%emt 0:00:57] The main line 11...c5 scores better than 11...Bg4.} 12. fxe5 $1 Bg4 {[%emt 0:00:07] D70: Grünfeld: Unusual White 3rd moves (met by ...d5).} 13. Re1 (13. Be2 Bxe2 14. Ncxe2 (14. Ngxe2 Nc4 $17) 14... Nc4 $17) 13... Bxe5 14. h3 Qh4 15. Kb1 {[%emt 0:02:08] [#]} Rfe8 $146 ({Predecessor:} 15... f5 16. Bg5 Qh5 17. Bf4 Nd7 18. Rh2 Qh4 19. g3 Bxf4 20. Qxf4 Qh5 21. e5 g5 {1-0 (40) Acs,P (2530)-Ftacnik,L (2567) Germany 2007}) 16. Bd3 (16. Bg5 $14 Qh5 17. Bf4) 16... Bd7 (16... Bh5 $1 $11 {remains equal.}) 17. Nf3 $16 Nxf3 18. gxf3 Rac8 19. f4 Bd4 {[%emt 0:02:05] [#]} (19... Bxc3 $16 {might work better.} 20. bxc3 (20. Qxc3 f5 $14) 20... Na4) 20. Bxd4 $1 $18 cxd4 21. Nb5 $36 {[%emt 0:01:45][%mdl 2048] Keeping Black busy.} Qe7 {[%emt 0:02:05] Against Nd6} (21... Bxb5 $16 22. Bxb5 Red8) 22. d6 (22. Nxa7 Rc5 $11) ({But not} 22. Nxd4 $6 Qd6 23. f5 Nc4 $16) 22... Qe6 23. e5 {[%emt 0:00:22] And now f5 would win.} Qd5 $2 (23... Nc4 $16 24. Bxc4 Qxc4) 24. Nc7 Rxc7 25. dxc7 Rc8 (25... Nc4 $142 26. Bxc4 Qxc4) 26. Be4 Qb5 27. Qxd4 Rxc7 28. Rc1 Rxc1+ 29. Rxc1 {[%emt 0:00:02] Black must now prevent f5.} Qe2 30. h4 h5 31. b3 {[%emt 0:00:27] Rg1 is the strong threat.} Qg4 32. Bxb7 Qxh4 33. a4 Qg3 34. Kb2 Be6 35. Rc3 Qh2+ 36. Ka3 Qh4 {[%emt 0:00:02] Threatens to win with ...Qe7+.} 37. Bc6 Qe1 38. a5 Nc8 39. Kb4 Kg7 (39... Qh4 $142 40. Kb5 Ne7) 40. Qd8 {[%emt 0:00:31] aiming for Bd7.} a6 41. Qf6+ Kh7 {[%emt 0:00:01] [#]} 42. f5 (42. Bd7 $1 $18 {[%mdl 512] and White stays clearly on top.} Qe4+ 43. Ka3) 42... gxf5 $16 43. Qg5 {[%emt 0:00:23] Dancing on a razor blade.} ({White should try} 43. Bb7 $18 Nb6 44. Qg5 (44. axb6 a5+ 45. Kxa5 Qxc3+ 46. Ka6 Qa1+ 47. Kb5 Qc3 $11)) 43... h4 $2 (43... Qxe5 $2 44. Qxh5+ Kg8 45. Qg5+ Kf8 46. Rd3 Qb8+ 47. Ka4 $18) (43... Qd1 $1 $14) 44. Qh5+ $2 (44. Bb7 $18) 44... Kg7 $11 45. Qg5+ $2 (45. Bb7 $14 Ne7 46. Qg5+ Kf8 47. Qe3) 45... Kh7 $18 46. Qh5+ $2 (46. Bb7 $18) 46... Kg7 $14 47. Qg5+ {[%emt 0:00:02] Weighted Error Value: White=0.52/Black=0.48} (47. Bb7 $5 Ne7 48. Qg5+ Kf8 49. Qf4 $11) 1/2-1/2

[Event "Super United Croatia GCT Rapid 2022"]
[Site "Zagreb"]
[Date "2022.07.21"]
[Round "4.5"]
[White "Carlsen, Magnus"]
[Black "Firouzja, Alireza"]
[Result "1/2-1/2"]
[ECO "E05"]
[WhiteElo "2864"]
[BlackElo "2793"]
[Annotator "TA"]
[PlyCount "71"]
[EventDate "2022.07.20"]
[EventType "tourn"]
[EventCountry "CRO"]
[SourceTitle "playchess.com"]
[Source "ChessBase"]
[SourceQuality "1"]
[TimeControl "1500+10"]

1. d4 Nf6 2. c4 e6 3. g3 d5 4. Bg2 Be7 5. Nf3 O-O 6. O-O dxc4 7. Qc2 a6 8. a4 Bd7 9. Qxc4 Bc6 10. Bg5 Bd5 11. Qc2 Be4 12. Qc1 Nc6 13. Rd1 {[%emt 0:01:56] E05: Open Catalan: 5 Nf3 Be7.} Bxf3 14. Bxf3 Nxd4 {[%emt 0:00:57] [#]} 15. Kg2 $146 {[%emt 0:00:16] [#] Strongly threatening Qc4.} ({Predecessor:} 15. Nc3 Nxf3+ 16. exf3 Qc8 17. Ne4 Nxe4 18. Bxe7 Re8 19. fxe4 Rxe7 20. Qc5 Rd7 21. a5 {1-0 (66) Bryakin,M (2451)-Vazquez,G (2527) Chess.com INT 2020}) 15... c5 16. e3 Nb3 17. Rxd8 Nxc1 {[%emt 0:00:07] Pair of Knights!} 18. Rxa8 Rxa8 19. Bxb7 Ra7 20. Bf3 h6 (20... Nb3 $5 21. Ra2 h6 22. Bxf6 Bxf6 $15) 21. Nd2 {[%emt 0:03:19] [#] aiming for Bxf6. The position is equal.} Nd3 22. Bxf6 Bxf6 23. Be2 Nxb2 24. Ra2 c4 25. Nxc4 Nxc4 26. Bxc4 $11 {[%emt 0:00:02][%mdl 4096] Endgame KRB-KRB} a5 27. Rd2 Rc7 28. Rc2 g6 29. Bd3 Rxc2 30. Bxc2 {[%emt 0:00:02] KB-KB} Kg7 31. h4 g5 32. hxg5 hxg5 33. g4 Bc3 34. Bd3 Bb4 35. Bc2 Bc3 36. Bd3 {[%emt 0:00:01] Weighted Error Value: White=0.02 (flawless) /Black=0.02 (flawless)} 1/2-1/2

[Event "Super United Croatia GCT Rapid 2022"]
[Site "Zagreb"]
[Date "2022.07.21"]
[Round "5.1"]
[White "Firouzja, Alireza"]
[Black "Vachier-Lagrave, Maxime"]
[Result "1/2-1/2"]
[ECO "B50"]
[WhiteElo "2793"]
[BlackElo "2760"]
[Annotator "TA"]
[PlyCount "136"]
[EventDate "2022.07.20"]
[EventType "tourn"]
[EventCountry "CRO"]
[SourceTitle "playchess.com"]
[Source "ChessBase"]
[SourceQuality "1"]
[TimeControl "1500+10"]

1. e4 c5 2. Nf3 d6 3. Nc3 Nf6 4. h3 a6 5. g4 d5 {[%emt 0:00:35] [#]} 6. exd5 $146 {[%emt 0:00:16] B50: Sicilian: 2...d6, Miscellaneous.} ({Predecessor:} 6. e5 Ne4 7. Qe2 Nxc3 8. dxc3 Nc6 9. Bf4 h6 10. O-O-O Be6 11. Bg2 Qa5 12. Kb1 d4 {1-0 (23) Shimanov,A (2593)-Khalafova,N (2279) Chess.com INT 2020}) 6... Nxd5 7. Nxd5 Qxd5 8. Bg2 Qe6+ 9. Qe2 Nc6 10. d3 h5 11. g5 Qxe2+ 12. Kxe2 e5 13. Be3 Be6 14. Nd2 Rc8 15. Nc4 b5 16. Nb6 Rc7 17. c3 {[%emt 0:00:21] Against Nd4+} (17. Kd2 {seems wilder.} Nd4 18. a4 b4 19. h4) 17... Bd6 18. a4 b4 $1 19. Rac1 O-O 20. Nc4 Be7 21. cxb4 (21. Be4 $14 {feels stronger.}) 21... Nxb4 $11 22. Nxe5 Rd8 23. Be4 g6 24. h4 Nd5 25. Bd2 Rb8 26. Nc4 Rd7 27. Rhe1 Bf8 28. Kf1 Bg7 {[%emt 0:00:50] Against Ne5} 29. Kg1 Kh7 30. a5 Rb3 {[%emt 0:00:23] Prevents Nb6.} 31. Be3 Nb4 32. Red1 (32. Bxc5 Nxd3 33. Bxd3 Rbxd3 $15) (32. Nb6 $5 Rdxd3 33. Na4 (33. Rxc5 Rxb2 34. Rcc1 Rc3 $11) (33. Bxc5 Rh3 $17) 33... Bxb2 34. Nxb2 (34. Rxc5 Rd7 $11) 34... Rxb2 35. Bxd3 (35. Rxc5 Rd7 $11) (35. Bxc5 Rh3 $14) 35... Nxd3 36. Rb1 $16) 32... Nxd3 33. Nb6 Rd8 34. Rc2 {[%emt 0:00:01] [#] Prevents c4.} Nxf2 $1 35. Rxd8 (35. Bxg6+ $2 Kxg6 36. Rxd8 Nh3+ 37. Kf1 Rxe3 38. Rxc5 Nf4 $19) 35... Nxe4 36. Bxc5 (36. Re2 $11 {should be considered.}) 36... Rg3+ $1 $15 37. Kf1 Bh3+ (37... Bb3 $15 38. Rc1 Rg4) 38. Ke1 $11 Bg4 {[%emt 0:01:32] ...Rh3 is the strong threat.} (38... Bf5 $5 ) 39. Re8 (39. Rc4 $5 f5 40. Nd5 $11 (40. Rd7 Rh3 $11)) 39... Bf3 {[%emt 0:01:30] [#] aiming for ...Rh3.} 40. Bf2 Rh3 41. Rxe4 $1 Bxe4 42. Rc7 Bxb2 43. Na4 Ba3 44. Rxf7+ Kg8 45. Rf4 Bd3 {[%emt 0:00:59] A strong pair of Bishops.} 46. Nc5 $2 (46. Kd2 $15) 46... Rh1+ $19 47. Kd2 Bc1+ 48. Kxd3 Bxf4 49. Nxa6 {[%emt 0:00:01][%mdl 4096] Endgame KRB-KBN} Ra1 50. Bb6 Bg3 51. Nb4 Bxh4 52. Nc2 Rb1 53. Be3 Rb5 $2 (53... Rd1+ $19 {and Black stays clearly on top.} 54. Kc4 Rd8) 54. a6 $17 Bxg5 ({Weaker is} 54... Ra5 55. a7 $17) (54... Rd5+ $17 55. Kc4 Rd8) 55. a7 $1 $15 ({Don't blunder} 55. Bxg5 $2 Rxg5 56. Kd2 Ra5 $19) 55... Ra5 {[%emt 0:00:01] White must now prevent ...Bxe3.} 56. Bxg5 Rxa7 {[%emt 0:00:01] Hoping for ...Ra5.} 57. Ke4 Ra5 58. Bd8 Rc5 59. Nd4 Kf7 60. Nf3 Ke6 61. Kf4 Rc4+ 62. Kg5 $1 Rc8 63. Kxg6 Rxd8 $11 {[%emt 0:00:01] KR-KN} 64. Ng5+ Ke5 65. Nf7+ Kf4 66. Nxd8 {[%emt 0:00:02] The position is equal.} h4 67. Ne6+ Kg4 {[%emt 0:00:01] ( -> ...h3)} (67... Kg3 $5 68. Ng5 h3 69. Nxh3 $11) 68. Ng5 h3 {[%emt 0:00:01] Whites escaped into a draw.  Weighted Error Value: White=0.25 (precise) /Black=0.20 (precise)} 1/2-1/2

[Event "Super United Croatia GCT Rapid 2022"]
[Site "Zagreb"]
[Date "2022.07.21"]
[Round "5.2"]
[White "Mamedyarov, Shakhriyar"]
[Black "Carlsen, Magnus"]
[Result "1-0"]
[ECO "D94"]
[WhiteElo "2759"]
[BlackElo "2864"]
[Annotator "TA"]
[PlyCount "95"]
[EventDate "2022.07.20"]
[EventType "tourn"]
[EventCountry "CRO"]
[SourceTitle "playchess.com"]
[Source "ChessBase"]
[SourceQuality "1"]
[TimeControl "1500+10"]

1. d4 Nf6 2. c4 g6 3. Nc3 d5 4. Nf3 Bg7 5. e3 O-O 6. cxd5 Nxd5 7. Bc4 Nb6 8. Bb3 c5 9. O-O cxd4 10. exd4 Nc6 11. d5 Na5 12. h3 {[%emt 0:01:05] D94: Grünfeld: 4 Nf3 Bg7 5 e3.} Nxb3 13. axb3 e6 14. d6 {[%emt 0:00:13] The position is equal.} Bd7 {[%emt 0:00:46] [#]} 15. Bf4 $5 $146 {[%emt 0:03:55][%mdl 8] New and interesting.} ({Predecessor:} 15. Be3 Bc6 16. Bc5 Re8 17. Re1 e5 18. Nd2 Re6 19. Nc4 Nxc4 20. bxc4 Rc8 21. Ba3 {1-0 (45) Le,Q (2709)-Cheparinov,I (2686) Chess.com INT 2020}) 15... Bc6 16. Ne5 Bxe5 17. Bxe5 f6 18. Bg3 Qd7 19. Qd3 Rad8 20. Rad1 Qf7 21. b4 a6 22. Qd4 Na4 23. Nxa4 Bxa4 24. Rd2 e5 25. Qb6 g5 {[%emt 0:01:01] Inhibits f4.} 26. Rc1 Bc6 27. f3 Qe6 28. Rxc6 bxc6 29. Qxc6 Rb8 30. Bf2 Rxb4 31. Qxa6 Rd8 $1 32. Qa5 Rbb8 33. Bc5 Qc4 (33... Kg7 $15) 34. d7 $1 $11 {[%emt 0:02:10] And now Bb6 would win.} Ra8 35. Qc3 {[%emt 0:00:04] Dancing on a razor blade.} Qf7 36. Qd3 {[%emt 0:00:01] Black must now prevent Bb6.} Rab8 {[%emt 0:00:20] Against Bb6. Threatens to win with ...Kg7.} 37. Qa6 (37. b4 Rb7 38. Be7 Rdxd7 39. Qxd7 Rxd7 40. Rxd7 Qe6 $17) 37... Rxd7 38. Rxd7 Qxd7 39. Qxf6 {[%emt 0:00:02][%mdl 4096] Endgame KQR-KQB} Re8 40. Qxg5+ Qg7 41. Qe3 e4 42. b4 ({But not} 42. fxe4 Qxb2 43. Qg5+ Qg7 44. Qd5+ Qf7 $11) (42. Bd4 $16 Qg6 43. f4) 42... Qg6 {[%emt 0:00:09] [#]} (42... Qd7 $1 $11 {keeps the balance.}) 43. f4 $1 $16 Rd8 44. Qe2 ({White should play} 44. b5 $16) 44... Rd3 $2 {[%emt 0:00:10] Black cannot hold the game after this.} (44... Qf5 $14) 45. Qa2+ $18 Kg7 $2 {[%emt 0:00:05] [#]} (45... Qf7 46. Qa8+ Kg7 47. Qxe4 Qd5 48. Qe7+ Kg6) 46. Qa7+ $1 Kg8 $2 (46... Kh6 {leads to mate.} 47. Bf8+ Kh5 48. Qc5+) (46... Qf7) 47. Qa8+ Kf7 48. g4 {[%emt 0:00:14] Weighted Error Value: White=0.09 (flawless) /Black=0.26 (precise)} 1-0

[Event "Super United Croatia GCT Rapid 2022"]
[Site "Zagreb"]
[Date "2022.07.21"]
[Round "5.3"]
[White "Dominguez Perez, Leinier"]
[Black "Topalov, Veselin"]
[Result "1/2-1/2"]
[ECO "B80"]
[WhiteElo "2754"]
[BlackElo "2728"]
[Annotator "TA"]
[PlyCount "71"]
[EventDate "2022.07.20"]
[EventType "tourn"]
[EventCountry "CRO"]
[SourceTitle "playchess.com"]
[Source "ChessBase"]
[SourceQuality "1"]
[TimeControl "1500+10"]

1. e4 c5 2. Nf3 d6 3. d4 cxd4 4. Nxd4 Nf6 5. Nc3 a6 6. Be3 e6 7. a3 {[%emt 0:00:32] B80: Sicilian Scheveningen: 6 g3 and 6 Be3, including English Attack.} b5 8. g4 Bb7 9. Bg2 {[%emt 0:00:42] White is slightly better.} Nfd7 10. h4 $5 {[%emt 0:05:10][%mdl 4] Leaves trodden paths.} Be7 11. g5 Nc5 (11... Nc6 $14) 12. f4 {[%emt 0:03:39][%cal Bf2f4,Bf4f5][%mdl 32] White is more active.} Nbd7 {[%emt 0:00:09] [#]} 13. Qe2 $146 ({Predecessor:} 13. Qh5 g6 14. Qe2 e5 15. Nf5 gxf5 16. exf5 Bxg2 17. Qxg2 Na4 18. Nd5 Nxb2 19. f6 {0-1 (31) Anata,C (2084)-Md Masum,H (2086) Dhaka 2018}) 13... g6 (13... O-O $16 {keeps fighting.}) 14. O-O-O $18 Qc7 15. Rh3 Nb6 16. h5 {[%emt 0:01:06] Black must now prevent hxg6.} O-O-O 17. f5 e5 (17... gxf5 $16 18. exf5 d5) 18. f6 exd4 19. fxe7 Qxe7 20. Bxd4 {[%emt 0:01:03] Threatens to win with Bf6.} ({Resist} 20. Rxd4 Kb8 $16) 20... Qxg5+ 21. Kb1 {[%emt 0:00:01] Hoping for Qf2.} Rhf8 (21... Rhe8 $142 22. hxg6 hxg6) 22. hxg6 hxg6 23. Qf2 Nbd7 {[%emt 0:00:42] Prevents Bf6.} 24. Nd5 (24. Bg7 $1 $18) 24... Bxd5 $4 (24... Qg4 $16 25. Qg1 Bxd5 26. exd5 Rfe8) 25. exd5 $2 (25. Bxc5 $18 {and the rest is easy.} dxc5 26. Rxd5 (26. exd5 Qg4 $16)) 25... Kb7 (25... Kb8 $16) 26. Rh7 (26. Rc3 $18 {has better winning chances.}) 26... Rc8 (26... Rde8 $142) 27. Bh3 {[%emt 0:00:39] Bxc5 is the strong threat.} (27. Rxf7 $2 Rxf7 28. Qxf7 Qxg2 $19) 27... Rc7 (27... Qxd5 $2 28. Qf1 $18) 28. Rxf7 $2 (28. Re1 $1 $16) 28... Qh5 $1 $17 (28... Ne4 $2 29. Bxd7 $1 Nxf2 30. Bc6+ Kb8 31. Rxf8+ Rc8 32. Rxf2 $18) 29. Rh1 Rxf7 ({Black should play} 29... Ne4 $17 30. Rxf8 (30. Qf4 g5 $17) 30... Nxf2 31. Rxf2 Qh4) 30. Qxf7 $11 {[%emt 0:00:01] The position is equal.} Ne5 31. Qf8 {[%emt 0:00:46] aiming for Bxc5.} Ne4 32. Bg2 {[%emt 0:00:19][%csl LRe4,LRh5] A strong pair of Bishops.} Qe2 {[%emt 0:00:05][%csl LRc2,LRg2] And now ...Nd7 would win.} (32... Qg4 $2 {[#]} 33. Rh8 $1 Rc8 34. Qe7+ Qd7 35. Qxd7+ Nxd7 36. Rxc8 Kxc8 37. Bxe4 $18) 33. Rh8 {[%emt 0:00:11][%csl Gh8][%cal Rf8b8] Dancing on a razor blade.} Qxc2+ 34. Ka1 Qc1+ 35. Ka2 Qc4+ 36. Ka1 {[%emt 0:00:01] Weighted Error Value: White=0.53/Black=0.34} 1/2-1/2

[Event "Super United Croatia GCT Rapid 2022"]
[Site "Zagreb"]
[Date "2022.07.21"]
[Round "5.4"]
[White "So, Wesley"]
[Black "Nepomniachtchi, Ian"]
[Result "1/2-1/2"]
[ECO "E04"]
[WhiteElo "2773"]
[BlackElo "2766"]
[Annotator "TA"]
[PlyCount "156"]
[EventDate "2022.07.20"]
[EventType "tourn"]
[EventCountry "CRO"]
[SourceTitle "playchess.com"]
[Source "ChessBase"]
[SourceQuality "1"]
[TimeControl "1500+10"]

1. d4 Nf6 2. c4 e6 3. g3 d5 4. Bg2 dxc4 5. Nf3 c5 6. O-O Nc6 7. dxc5 Qxd1 8. Rxd1 Bxc5 9. Nbd2 c3 10. bxc3 O-O 11. Nb3 Be7 12. c4 Bd7 13. Bb2 {[%emt 0:00:02] E04: Open Catalan: 5 Nf3.} Rfc8 $1 {[%emt 0:00:02][%cal Bf8c8,Bc8c6,Bc6c5,Bc5a5,Ba5a2,Ba2e2,Be2d2][%mdl 4] [#] is recently more successful than 13...Rfd8.} 14. Ne5 $146 ({Predecessor:} 14. c5 Be8 15. Nfd2 b6 16. cxb6 axb6 17. Nc4 Rab8 18. Nd6 Bxd6 19. Rxd6 Na5 20. Nxa5 bxa5 {½-½ (42) Santos Latasa,J (2675)-Anand,V (2756) Leon 2022}) 14... Nxe5 15. Bxe5 Bc6 16. Rac1 Kf8 17. Bxc6 Rxc6 18. Na5 ({Better is} 18. Bxf6 $11 Bxf6 19. Rd7) 18... Rc5 $15 19. Bxf6 Rxa5 20. Bc3 Rxa2 21. Rd7 Rxe2 {[%emt 0:02:33] Threatens to win with ...b6.} 22. Rxb7 Bc5 23. Bb4 Bxb4 24. Rxb4 {[%emt 0:00:01][%mdl 4096] Endgame KRR-KRR} Rd2 25. Rb7 Rd6 26. c5 {[%emt 0:01:44] [#]} (26. Rc3 $11 {keeps the balance.}) 26... Rc6 $1 $17 27. Rc3 Rac8 28. Rxa7 Rxc5 29. Rxc5 Rxc5 {[%emt 0:00:02] KR-KR} 30. h4 g5 (30... Rb5 $17) 31. hxg5 $15 Rxg5 32. Kg2 Kg7 33. Kh3 Rf5 34. f4 Rb5 35. Ra8 Rb7 36. Re8 Rb6 37. Kg4 f6 38. Kh4 {[%emt 0:01:31] The position is equal.} Kf7 39. Rh8 Kg6 40. Kg4 Rb7 41. Rg8+ Rg7 42. Rh8 Re7 43. Rg8+ Kf7 44. Ra8 Rd7 45. Rh8 Kg7 46. Re8 Rd6 47. Ra8 Rd5 48. Re8 Rd6 49. Ra8 Rd1 50. Re8 Kf7 51. Rh8 Rh1 52. Kf3 Rh2 53. Ra8 h5 54. Ra7+ Kg6 55. Re7 Kf5 56. Rh7 Kg6 57. Re7 h4 58. Rxe6 Rh3 59. Kg4 {[%emt 0:00:24][%csl LRh3,LRh4] [#] White threatens f5+ and mate.} Rxg3+ 60. Kxh4 Rg1 61. Kh3 Kf5 62. Ra6 $1 Rg6 63. Ra4 Rg8 64. Rb4 Re8 65. Kg3 Re3+ 66. Kf2 Re4 67. Rxe4 Kxe4 $11 {[%emt 0:00:02] KP-KP} 68. f5 Kf4 (68... Kxf5 $5 69. Kf3 Kg6 $11) 69. Ke2 Kxf5 {[%emt 0:00:02] KP-K} 70. Kf3 Ke5 71. Ke3 f5 72. Kf3 f4 73. Kf2 Ke4 74. Ke2 f3+ 75. Kf2 Kf4 76. Kf1 Kg3 {[%emt 0:00:01] ( -> ...f2)} 77. Kg1 f2+ 78. Kf1 Kf3 {[%emt 0:00:07] Weighted Error Value: White=0.05 (flawless) /Black=0.05 (flawless)} 1/2-1/2

[Event "Super United Croatia GCT Rapid 2022"]
[Site "Zagreb"]
[Date "2022.07.21"]
[Round "5.5"]
[White "Van Foreest, Jorden"]
[Black "Saric, Ivan"]
[Result "1/2-1/2"]
[ECO "B52"]
[WhiteElo "2678"]
[BlackElo "2680"]
[Annotator "ChessBase"]
[PlyCount "53"]
[EventDate "2022.07.20"]
[EventType "tourn"]
[EventCountry "CRO"]
[SourceTitle "playchess.com"]
[Source "ChessBase"]
[SourceQuality "1"]
[TimeControl "1500+10"]

1. e4 c5 2. Nf3 d6 3. Bb5+ Bd7 4. Be2 Nf6 5. Nc3 Nc6 6. d4 cxd4 7. Nxd4 g6 8. Be3 Bg7 9. Qd2 Nxd4 10. Bxd4 Bc6 11. O-O-O O-O 12. f3 Qa5 13. Kb1 Rfc8 14. g4 Rab8 15. g5 Nh5 16. Bxg7 Nxg7 17. f4 b5 18. h4 b4 19. Nd5 Bxd5 20. exd5 Rc3 21. h5 gxh5 22. Bxh5 Nxh5 23. Rxh5 Ra3 24. Kc1 Rc3 25. Kb1 Ra3 26. Kc1 Rc3 27. Kb1 1/2-1/2

[Event "Super United Croatia GCT Rapid 2022"]
[Site "Zagreb"]
[Date "2022.07.21"]
[Round "6.1"]
[White "Vachier-Lagrave, Maxime"]
[Black "Saric, Ivan"]
[Result "1/2-1/2"]
[ECO "B52"]
[WhiteElo "2760"]
[BlackElo "2680"]
[Annotator "TA"]
[PlyCount "80"]
[EventDate "2022.07.20"]
[EventType "tourn"]
[EventCountry "CRO"]
[SourceTitle "playchess.com"]
[Source "ChessBase"]
[SourceQuality "1"]
[TimeControl "1500+10"]

1. e4 c5 2. Nf3 d6 3. Bb5+ Bd7 4. Bxd7+ Qxd7 5. O-O Nc6 6. c3 d5 7. exd5 Qxd5 8. d4 e6 9. Be3 {[%emt 0:00:03] The position is equal.} cxd4 {[%emt 0:00:26] B52: Sicilian: Moscow Variation with 3...Bd7.} 10. cxd4 Nf6 11. Nc3 Qa5 12. Qb3 Qb4 13. Qc2 Be7 {[%emt 0:00:25] [#]} 14. Rad1 $146 ({Predecessor:} 14. a3 Qd6 15. Rfd1 h6 16. Qb3 O-O 17. Rac1 a6 18. Ne5 Qc7 19. Na4 Nd5 20. Nxc6 bxc6 {½-½ (26) Wharrier,J (2364)-Jimenez Ariza,J (2365) ICCF email 2014}) 14... O-O 15. d5 Nxd5 16. Nxd5 exd5 17. Rxd5 Rad8 18. a3 Qg4 {[%emt 0:00:01] Prevents Rh5.} 19. Rb5 Qd7 20. Rc1 Bf6 21. Rc5 Rfe8 22. h3 h6 23. b4 a6 24. Qb3 Qd3 25. Qxd3 Rxd3 26. b5 axb5 27. Rxb5 Rxa3 28. Rxb7 Ra1 29. Rxa1 Bxa1 30. g4 Ne5 31. Nxe5 Bxe5 $11 {[%emt 0:00:02][%mdl 4096] Endgame KRB-KRB} 32. Kg2 Bf6 33. Kg1 Bg5 34. Bxg5 hxg5 {[%emt 0:00:01] KR-KR} 35. Kg2 Rd8 36. Rb5 f6 37. Rb7 Re8 38. Rb5 Rd8 39. Rb7 Re8 40. Rb5 Rd8 {A balanced but interesting game.  Weighted Error Value: White=0.01 (flawless) /Black=0.01 (flawless)} 1/2-1/2

[Event "Super United Croatia GCT Rapid 2022"]
[Site "Zagreb"]
[Date "2022.07.21"]
[Round "6.2"]
[White "Nepomniachtchi, Ian"]
[Black "Van Foreest, Jorden"]
[Result "0-1"]
[ECO "C54"]
[WhiteElo "2766"]
[BlackElo "2678"]
[Annotator "TA"]
[PlyCount "56"]
[EventDate "2022.07.20"]
[EventType "tourn"]
[EventCountry "CRO"]
[SourceTitle "playchess.com"]
[Source "ChessBase"]
[SourceQuality "1"]
[TimeControl "1500+10"]

1. e4 e5 2. Nf3 Nc6 3. Bc4 Nf6 4. d3 Bc5 5. O-O O-O 6. c3 d5 7. exd5 Nxd5 8. Re1 Be6 {[%emt 0:00:20] C54: Giuoco Piano: 4 c3 Nf6, main lines with 5 d4 and 5 d3.} 9. a4 {[%emt 0:00:55] [#]} Bb6 $146 ({Predecessor:} 9... a6 10. Nbd2 Nf4 11. Ne4 Bxc4 12. dxc4 Bb6 13. Bxf4 exf4 14. Qc2 Re8 15. Rad1 Qe7 16. Neg5 h6 17. Qh7+ Kf8 18. Qh8# {1-0 (18) Zienkiewicz,J (1882)-Raujol,P Europe Echecs INT 2021}) 10. Na3 h6 {[%emt 0:01:00] The position is equal.} 11. Bb3 Re8 $1 12. Nc4 Nf6 13. Be3 Bxe3 14. Rxe3 Nd5 15. Re1 Nf4 $1 16. Re3 Qf6 17. Nfd2 Rad8 18. Bc2 Bd5 19. Rg3 Ne7 20. Ne3 Nf5 {[%emt 0:00:05] Black is much more active.} 21. Nxf5 (21. Nxd5 $142 Rxd5 22. Ne4) 21... Qxf5 $17 22. c4 (22. Qf1 $17 {was worth a try.}) 22... Bxg2 $19 {[%emt 0:01:23] [#] White must now prevent ...e4.} 23. Rxg2 $2 (23. d4 Qf6 24. d5) 23... Nxg2 24. Kxg2 e4 25. Bb1 (25. Nxe4 $142 Rxe4 26. dxe4 Rxd1 27. Rxd1 Qg5+ 28. Kf3) 25... exd3 {[%emt 0:00:25] Threatens to win with ...Re2. Black is clearly winning.} 26. h3 Qg5+ ({Inferior is} 26... Re2 27. Qxe2 Qxh3+ 28. Kxh3 $11) 27. Kf1 Re2 {[%emt 0:00:03] [#] ( -> ...Qf4)} 28. Nf3 Qc5 {[%emt 0:00:02] Weighted Error Value: White=0.95/Black=0.20 (precise)} 0-1

[Event "Super United Croatia GCT Rapid 2022"]
[Site "Zagreb"]
[Date "2022.07.21"]
[Round "6.3"]
[White "Topalov, Veselin"]
[Black "So, Wesley"]
[Result "1/2-1/2"]
[ECO "A20"]
[WhiteElo "2728"]
[BlackElo "2773"]
[Annotator "TA"]
[PlyCount "74"]
[EventDate "2022.07.20"]
[EventType "tourn"]
[EventCountry "CRO"]
[SourceTitle "playchess.com"]
[Source "ChessBase"]
[SourceQuality "1"]
[TimeControl "1500+10"]

1. c4 e5 2. d3 Nf6 (2... Nc6 3. a3 g6 4. b4 Bg7 5. Bb2 d6 6. Nf3 f5 7. e3 Nf6 8. Be2 O-O 9. Nc3 Ne7 10. d4 e4 11. Nd2 d5 12. b5 Be6 13. a4 Rf7 14. O-O g5 15. Ba3 {½-½ (30) Topalov,V (2740)-So,W (2754) Abidjan 2019}) 3. Nf3 Nc6 4. a3 g6 5. b4 Bg7 6. Bb2 {[%emt 0:00:02] A20: English Opening: 1...e5.} d6 7. e3 O-O 8. Be2 h6 {[%emt 0:00:44] [#]} 9. O-O $146 ({Predecessor:} 9. Nc3 g5 10. O-O g4 11. Nd2 h5 12. Re1 Nh7 13. Bf1 h4 14. Nd5 f5 15. d4 {0-1 (40) Debashis,D (2544)-Mikalsen,E (2357) Stockholm 2018}) 9... Nh7 10. Nc3 g5 11. b5 Ne7 12. d4 g4 13. Ne1 f5 14. dxe5 dxe5 15. a4 Be6 16. e4 (16. Nd3 $16) 16... Ng5 $14 17. Ba3 Rf7 18. Bxe7 Rxe7 19. exf5 Qxd1 20. Rxd1 Bxf5 21. Nd5 Rf7 22. Ne3 h5 23. Nxf5 Rxf5 24. Nc2 Bf8 {[%emt 0:03:22][%cal Bg7f8,Bf8c5,Bc5d4][%mdl 32] The position is equal.} 25. Ne3 Rf6 26. Nd5 Rf7 27. h4 Ne6 28. Nc3 Bc5 29. Ne4 Bd4 30. g3 a6 31. c5 {[%emt 0:00:11] Threatens to win with Bc4.} axb5 ({Don't do} 31... Nxc5 32. Rxd4 $1 exd4 33. Nxc5 axb5 34. axb5 $16) 32. Bxb5 {[%emt 0:00:25] Bc4 is the strong threat.} Kg7 ({Resist} 32... Nxc5 {[#]} 33. Rxd4 $1 exd4 34. Nxc5 $16) (32... Bxc5 $2 33. Bc4 Re8 34. Bxe6 Rxe6 35. Nxc5 $18) 33. c6 b6 34. Bc4 Re7 35. Bb5 Rf7 36. Bc4 Re7 37. Bb5 Rf7 {[%emt 0:02:20] Weighted Error Value: White=0.04 (flawless) /Black=0.06 (flawless)} 1/2-1/2